 Dungeon Crawl Stone Soup version 0.30.1 (webtiles) character file.

Game seed: 18162200980673834829

69 7w4c the Caller (level 4, -3/24 HPs)
             Began as a Deep Elf Summoner on July 2, 2023.
             Slain by a gnoll
             ... wielding a +0 whip
              (9 damage)
             ... on level 2 of the Dungeon on July 5, 2023.
             The game lasted 00:08:48 (1627 turns).

7w4c the Caller (Deep Elf Summoner)                 Turns: 1627, Time: 00:08:48

Health: -3/24      AC:  2    Str:  5    XL:     4   Next: 2%
Magic:  9/12       EV: 12    Int: 22    God:
Gold:   41         SH:  0    Dex: 15    Spells: 11/12 levels left

rFire   . . .        c - +0 dagger
rCold   . . .        (no shield)
rNeg    . . .        a - +0 robe
rPois   .            (no helmet)
rElec   .            (no cloak)
rCorr   .            (no gloves)
SInv    .            (no boots)
Will    .....        (no amulet)
Stlth   ++           (no ring)
HPRegen 0.24/turn    (no ring)
MPRegen 0.13/turn

%: no passive effects
@: no status effects
A: no striking features
a: no special abilities


You were on level 2 of the Dungeon.
You visited 1 branch of the dungeon, and saw 2 of its levels.

You collected 41 gold pieces.

Inventory:

Hand Weapons
 c - a +0 dagger (weapon)
Armour
 a - a +0 robe (worn)
Potions
 b - a potion of magic
 d - a potion of haste {unknown}
 e - a potion of flight
 f - a potion of brilliance {unknown}
 g - a potion of lignification {unknown}
 h - 2 potions of mutation
 i - a potion of curing


   Skills:
 + Level 2.6 Dodging
 + Level 2.9 Stealth
 + Level 4.6 Spellcasting
 + Level 5.0 Summonings


You had 11 spell levels left.
You knew the following spells:

 Your Spells              Type           Power      Damage    Failure   Level
a - Summon Small Mammal   Summ           100%       N/A       1%          1

Your spell library contained the following spells:

 Spells                   Type           Power      Damage    Failure   Level
 Call Imp                 Summ           54%        N/A       1%          2
 Call Canine Familiar     Summ           27%        N/A       3%          3
 Summon Guardian Golem    Hex/Summ       16%        N/A       11%         3
 Ensorcelled Hibernation  Hex/Ice        10%        N/A       16%         2
 Passwall                 Tmut/Erth      4%         N/A       16%         2
 Swiftness                Air            5%         N/A       32%         3
 Summon Lightning Spire   Summ/Air       16%        N/A       36%         4


Dungeon Overview and Level Annotations

Branches:
Dungeon (2/15)

Altars:


Message History

Your quokka bites the gnoll.
A gnoll comes into view. It is wielding a +0 whip.
The gnoll hits your quokka with a +0 whip!
Your quokka dies!
Your quokka's corpse disappears in a puff of smoke!
The gnoll hits your quokka with a +0 whip.
Your quokka bites the gnoll.
Your quokka bites the gnoll but does no damage.
The gnoll barely misses your quokka.
Your quokka closely misses the gnoll.
The gnoll barely misses your quokka.
Your quokka closely misses the gnoll.
The gnoll barely misses your quokka.
Casting: Summon Small Mammal (safe; 1% risk of failure)
Confirm with . or Enter, or press ? or * to list all spells.
Your quokka barely misses the gnoll.
The gnoll hits your quokka with a +0 whip.
Your quokka dies!
Your quokka's corpse disappears in a puff of smoke!
Casting: Summon Small Mammal (safe; 1% risk of failure)
Confirm with . or Enter, or press ? or * to list all spells.
Casting: Summon Small Mammal (safe; 1% risk of failure)
Confirm with . or Enter, or press ? or * to list all spells.
A gnoll comes into view. It is wielding a +0 whip.
The gnoll hits your quokka with a +0 whip.
Your quokka bites the gnoll.
The gnoll misses you.
You swap places.
Your quokka barely misses the gnoll.
The gnoll hits you with a +0 whip.
Your quokka barely misses the gnoll.
Your quokka bites the gnoll.
The gnoll barely misses you.
Your quokka barely misses the gnoll.
The gnoll hits your quokka with a +0 whip.
Your quokka dies!
Your quokka's corpse disappears in a puff of smoke!
The gnoll hits you with a +0 whip! The gnoll hits you with a +0 whip!
* * * LOW HITPOINT WARNING * * *
The gnoll barely misses your quokka.
Casting: Summon Small Mammal (safe; 1% risk of failure)
Confirm with . or Enter, or press ? or * to list all spells.
The gnoll hits you with a +0 whip!
You die...

.###.#......#.#...#
.# #.#......#.#...#
####.#....#...#...#
...............†..# #
####.#....##..###.#.#
#.#....###...#.#.#
#......# ###§.g..#
........#########g#.#
##.#######....r.@r#
.# # .........<..#
#.......###.....
........+ .>..
#.......# ##.
........# .########


You could see 2 gnolls and 2 friendly quokkas.

Vanquished Creatures
  A jackal (D:1)
  A kobold (D:2)
  A quokka (D:2)
  A bat (D:1)
  A frilled lizard (D:1)
5 creatures vanquished.

Vanquished Creatures (collateral kills)
  2 adders (D:2)
  2 dart slugs
  A ball python (D:1)
  3 endoplasms
  4 giant cockroaches
  3 hobgoblins (D:1)
  4 jackals (D:1)
  A quokka (D:2)
  4 bats
  A frilled lizard (D:2)
  5 goblins
  3 kobolds (D:1)
  4 rats (D:1)
37 creatures vanquished.

Grand Total: 42 creatures vanquished

Notes
Turn   | Place    | Note
-------+----------+-------------------------------------------
     0 | D:1      | 7w4c the Deep Elf Summoner began the quest for the Orb.
     0 | D:1      | Reached XP level 1. HP: 10/10 MP: 6/6
   310 | D:1      | Reached XP level 2. HP: 13/15 MP: 6/8
   806 | D:1      | Reached XP level 3. HP: 19/19 MP: 10/10
  1413 | D:2      | Reached skill level 5 in Summonings
  1450 | D:2      | Identified the staff of death "Siuniy" {rN+ Int+2 Dex+2
                  | SInv}
  1574 | D:2      | Reached XP level 4. HP: 24/24 MP: 9/12
  1627 | D:2      | Slain by a gnoll

Illustrated notes

Levels and vault maps discovered:
D:1:      minmay_arrival_up_and_down, layout_loops_ring
D:2:      layout_basic, basic_altar, grunt_ministairs_8

Skill      XL: |  1  2  3 |
---------------+----------+-----
Spellcasting   | 4 |  4.6
Summonings     | 5 |  5.0
Dodging        | |  2.6
Stealth        | |  2.9

Action                     |  1- 3 |  4- 6 || total
---------------------------+-------+-------++-------
  Melee: Unarmed           |     5 |       ||     5
         Dagger            |    22 |       ||    22
   Cast: Summon Small Mamm |    59 |     6 ||    65
    Use: Scroll            |     4 |       ||     4
         Potion            |     2 |       ||     2
   Stab: Sleeping          |     1 |       ||     1
 Armour: Robe              |    23 |       ||    23
  Dodge: Dodged            |    71 |     2 ||    73
